 Dungeon Crawl Stone Soup version 0.29.0-13-gc9e81de378 (webtiles) character file.

Game seed: 9066237529326519414

185535 Zonian the Warrior (level 17, -13/129 HPs)
             Began as a Demonspawn Gladiator on Sept 10, 2022.
             Was a High Priest of Hepliaklqana.
             Mangled by a naga warrior
             ... wielding a +0 flail
              (39 damage)
             ... on level 4 of the Snake Pit.
             The game lasted 02:01:27 (38398 turns).

Zonian the Warrior (Demonspawn Gladiator)          Turns: 38398, Time: 02:01:27

Health: -13/129    AC: 10    Str: 15    XL:     17   Next: 81%
Magic:  0/26       EV: 17    Int: 19    God:    Hepliaklqana [*****.]
Gold:   221        SH: 13    Dex: 21    Spells: 23/26 levels left

rFire   + + .      SeeInvis .   G - +4 dagger "Meqic" {drain, *Slow +Blink Will+ Int+2}
rCold   . . .      Faith    .   T - +2 kite shield {reflect}
rNeg    . . .      Spirit   +   C - +0 robe of Mumblety Peg {rF+ Regen+ Int+4}
rPois   +          Reflect  +   c - +2 helmet
rElec   +          Harm     .   J - scarf {repulsion}
rCorr   .          Rampage  .   (gloves unavailable)
Will    +++..                   F - +0 pair of boots
Stlth   ++++......              D - amulet "Jeluwoyfa" {Spirit rPois rF+}
HPRegen 4.11/turn               S - +4 ring of protection
MPRegen 0.20/turn               B - ring of Spontaneous Combustion {rElec rPois Will+ Dex+2}

@: wereblooded, slowed, constricted, repel missiles, very slow
A: reduced essence, powered by death 2, powered by pain 2, sturdy frame 2,
corrupting presence 1, demonic touch 3
a: Renounce Religion, Evoke Blink, Recall Ancestor, Ancestor Identity,
Transference, Idealise


You were on level 4 of the Snake Pit.
You worshipped Hepliaklqana.
Hepliaklqana was extremely pleased with you.
You visited 4 branches of the dungeon, and saw 26 of its levels.
You visited 1 bazaar.

You collected 3268 gold pieces.
You spent 3047 gold pieces at shops.

Inventory:

Hand Weapons
 a - a +2 vorpal rapier
 j - a +0 scimitar of flaming
 u - a +0 sling
 w - the +5 long sword "Orb Guardian's Curse" {pain, Dex+4}
   (You bought it in a shop in a bazaar)

   In the hands of one skilled in necromantic magic, it inflicts extra damage on
   living creatures.
   Dex:       It affects your dexterity (+4).
 y - a +8 demon trident of freezing
 G - the +4 dagger "Meqic" (weapon) {drain, *Slow +Blink Will+ Int+2}
   (You found it on level 3 of the Dungeon)

   A truly terrible weapon, it drains the life of any living foe it strikes.
   Int:       It affects your intelligence (+2).
   +Blink:    It lets you blink.
   *Slow:     It may slow you when you take damage.
   Will:      It increases your willpower.
 P - a +8 falchion
 Y - a +8 lajatang of pain
Missiles
 g - 35 poisoned darts (quivered)
 s - 29 boomerangs
 M - 4 curare-tipped darts
 O - 4 silver javelins
 U - 2 javelins
Armour
 c - a +2 helmet (worn)
 C - the +0 robe of Mumblety Peg (worn) {rF+ Regen+ Int+4}
   (You found it on level 12 of the Dungeon)

   Int:       It affects your intelligence (+4).
   rF:        It protects you from fire.
   Regen:     It increases your rate of health regeneration.
 F - a +0 pair of boots (worn)
 J - a scarf of repulsion (worn)
 T - a +2 kite shield of reflection (worn)
Jewellery
 m - a ring of protection from cold
 B - the ring of Spontaneous Combustion (right hand) {rElec rPois Will+ Dex+2}
   (You found it on level 4 of the Dungeon)

   [ring of poison resistance]

   Dex:       It affects your dexterity (+2).
   rElec:     It insulates you from electricity.
   rPois:     It protects you from poison.
   Will:      It increases your willpower.
 D - the amulet "Jeluwoyfa" (around neck) {Spirit rPois rF+}
   (You bought it in a shop in a bazaar)

   [amulet of guardian spirit]

   It causes incoming damage to be divided between your reserves of health and
   magic.
   rF:        It protects you from fire.
   rPois:     It protects you from poison.
 I - an amulet of magic regeneration
 S - a +4 ring of protection (left hand)
 W - a ring of protection from fire
Wands
 b - a wand of flame (17)
 k - a wand of charming (18)
 v - a wand of polymorph (3)
 K - a wand of digging (6)
Scrolls
 e - 2 scrolls of magic mapping
 f - 4 scrolls of teleportation
 h - 4 scrolls of blinking
 q - 2 scrolls of butterflies
 x - a scroll of enchant armour
 E - a scroll of silence
 L - a scroll of fear
 N - 12 scrolls of identify
 V - a scroll of poison
Potions
 d - 16 potions of curing
 i - 3 potions of cancellation
 l - a potion of magic {unknown}
 n - 5 potions of resistance
 o - 3 potions of might
 p - 5 potions of haste
 r - 3 potions of invisibility
 t - 6 potions of heal wounds
 z - 3 potions of ambrosia
 A - 4 potions of lignification
 H - a potion of berserk rage
 R - 5 potions of flight
Miscellaneous
 X - a phantom mirror
 Z - a condenser vane (inert)


   Skills:
 + Level 16.2 Fighting
 - Level 10.0(10.2) Short Blades
 + Level 3.6(7.3) Long Blades
 - Level 2.6 Polearms
 - Level 4.0 Throwing
 - Level 3.0 Armour
 - Level 12.5 Dodging
 - Level 8.2 Stealth
 + Level 6.3 Shields
 - Level 5.3 Spellcasting
 + Level 8.0 Necromancy
 - Level 5.2 Transmutations
 - Level 12.0 Invocations
 - Level 11.1 Evocations


You had 23 spell levels left.
You knew the following spells:

 Your Spells              Type           Power      Damage    Failure   Level
a - Wereblood             Tmut           25%        N/A       5%          2
b - Necrotise             Necr           100%       1d9       1%          1

Your spell library contained the following spells:

 Spells                   Type           Power      Damage    Failure   Level
 Sublimation of Blood     Necr           35%        N/A       1%          2
 Apportation              Tloc           10%        N/A       32%         1
 Summon Small Mammal      Summ           20%        N/A       32%         1
 Poisonous Vapours        Pois/Air       10%        N/A       43%         2
 Frozen Ramparts          Ice            10%        1d2       67%         3
 Stone Arrow              Conj/Erth      10%        3d7       67%         3
 Corpse Rot               Necr/Pois/Air  15%        N/A       71%         4
 Ice Form                 Ice/Tmut       15%        N/A       73%         4
 Borgnjor's Vile Clutch   Necr/Erth      10%        N/A       86%         5
 Summon Ice Beast         Ice/Summ       5%         N/A       97%         4
 Summon Lightning Spire   Summ/Air       5%         N/A       97%         4
 Alistair's Intoxication  Tmut/Pois      10%        N/A       97%         5
 Summon Forest            Summ/Tloc      2%         N/A       100%        5
 Summon Mana Viper        Hex/Summ       5%         N/A       100%        5
 Eringya's Noxious Bog    Tmut/Pois      7%         N/A       100%        6
 Iron Shot                Conj/Erth      2%         9d2       100%        6
 Monstrous Menagerie      Summ           2%         N/A       100%        7
 Storm Form               Tmut/Air       7%         N/A       100%        7
 Summon Hydra             Summ           2%         N/A       100%        7
 Maxwell's Capacitive Co  Air            2%         ∞         100%        8


Dungeon Overview and Level Annotations

Branches:
Dungeon (15/15)            Temple (0/1) D:7            Lair (5/5) D:8
  Snake (4/4) Lair:3        Slime (0/5) Lair:5          Orc (2/2) D:10
    Elf (0/3) Orc:2        Vaults (0/5) D:14         Depths (0/4) D:15
  Swamp: Lair:2-3    Shoals: Lair:2-3

Altars:
Ashenzari
Gozag
Hepliaklqana
Kikubaaqudgha
Makhleb
Nemelex Xobeh
Sif Muna
Trog
Uskayaw
Wu Jian
Xom
Yredelemnul
Jiyva

Shops:
D:7 [*=!   D:13 !   Orc:2 :?**   Snake:2 ::

Portals:
Trove: D:11 (give 11 potions of heal wounds)

Annotations:
Lair:3 exclusion: oklob plant


Innate Abilities, Weirdness & Mutations

Your life essence is reduced to manifest your ancestor. (-10% HP)
You regenerate health from kills.
You sometimes gain power by taking damage.
Your movements are less encumbered by armour. (ER -4)
Your presence sometimes corrodes those you injure.
Your touch may irresistibly damage your foes and sap their willpower.


Message History

Press: ? - help, Shift-Dir - straight line, f - naga warrior
Aim: a naga warrior, wielding a +0 flail and wearing a +0 tower shield (thunder, constricting you, strong, 82% to hit)
The bolt of dispelling energy hits the naga warrior!!
The naga warrior is moderately wounded.
The naga warrior's magical effects unravel!
The bolt of dispelling energy hits the naga warrior!!
The naga warrior is heavily wounded.
The naga warrior's magical effects unravel!
The bolt of dispelling energy hits the naga sharpshooter!!
The naga sharpshooter is severely wounded.
The naga sharpshooter's magical effects unravel!
The bolt of dispelling energy hits the salamander!!
The salamander is almost dead.
The now-empty wand crumbles to dust.
The salamander sizzles in the rain.
The naga warrior is struck by lightning.
The naga sharpshooter is struck by lightning.
The salamander sizzles in the rain.
You kill the salamander!
The naga warrior is struck by lightning.
You block the naga warrior's attack. The naga warrior constricts you.
* * * LOW HITPOINT WARNING * * *
Unknown command.
The naga warrior's grasp on you weakens, but your attempt to escape fails.
You howl as the wereblood boils in your veins!
The naga warrior hits you with a +0 flail!
* * * LOW HITPOINT WARNING * * *
The naga warrior constricts you.
* * * LOW HITPOINT WARNING * * *
The naga warrior roars a battlecry!
The nagas go into a battle-frenzy!
The naga sharpshooter mumbles some strange words.
The naga is struck by lightning.
Your corrupting presence corrodes the naga!
The naga mage gestures wildly while chanting.
The naga mage seems to speed up.
The naga sharpshooter is struck by lightning.
The naga warrior is struck by lightning.
The naga warrior hits you with a +0 flail!!!
You die...

#. #..#
#^...##############
#.....@NNNN§.N.......
#....#####§§§#..###.
# #..# #...§......S#
#. #...##.#.#..
####...#..##.#
#....#..#..
#........#
##.N##...##
##........


You could see 2 naga warriors, a naga sharpshooter (strong), a naga mage (fast,
strong) and a naga (strong, corroded).

Vanquished Creatures
  Asterion (Snake:1)
  An orc warlord (Orc:1)
  Nessos (Lair:3)
  A spark wasp (shapeshifter) (D:14)
  A fire dragon (D:14)
  2 salamander tyrants
  Fannar (D:12)
  6 hydras
  8 anacondas
  Erica (Lair:1)
  3 centaur warriors
  4 boulder beetles
  A two-headed ogre (D:11)
  6 naga warriors
  4 death yaks
  4 orc high priests (Orc:2)
  3 tengu warriors
  Amaemon (D:8)
  5 shock serpents
  9 naga sharpshooters
  Sonja (Lair:3)
  3 salamander mystics
  Nergalle (D:11)
  2 goliath frogs (Lair:5)
  3 naga ritualists
  3 wizards
  2 orc knights (Orc:1)
  Pikel (D:7)
  4 deep elf pyromancers
  A necromancer (D:15)
  An orc sorcerer (Orc:2)
  A wolf spider (D:15)
  A wolf spider (shapeshifter) (D:14)
  4 mana vipers
  3 manticores
  2 deep elf zephyrmancers
  7 cyclopes
  8 ugly things
  Joseph (D:9)
  16 salamanders
  14 elephants
  24 black mambas
  8 naga magi
  2 guardian serpents (Snake:1)
  Maurice (D:11)
  The ghost of Splishie the Sneak, a novice KoEn of Fedhas (D:8)
  3 gargoyles
  15 cane toads
  2 torpor snails
  2 centaur skeletons (D:15)
  A rime drake (shapeshifter) (D:15)
  Maggie (D:8)
  An efreet (D:14)
  3 komodo dragons
  A kobold demonologist (D:12)
  2 tengu conjurers (D:15)
  2 rime drakes
  2 freezing wraiths
  11 trolls
  3 tyrant leeches (Lair:5)
  2 polar bears
  A hornet (D:10)
  9 slime creatures
  38 blink frogs
  Sigmund (D:2)
  A culicivora (shapeshifter) (D:14)
  A shadow (D:12)
  2 water elementals (D:15)
  2 centaur simulacra
  36 yaks
  A ynoxinul (D:8)
  Grum (D:9)
  A golden eye (shapeshifter) (D:15)
  3 wyverns
  5 basilisks
  4 vampire mosquitoes (Lair:5)
  4 wargs (Orc:2)
  11 nagas
  Menkaure (D:7)
  A naga (shapeshifter) (D:15)
  3 acid dragons
  8 water moccasins
  19 orc warriors
  2 black bears
  4 ogres
  3 boggarts (D:14)
  12 wolves
  3 lemures (D:7)
  8 centaurs
  A kobold brigand (D:12)
  2 phantoms (D:5)
  17 bullfrogs
  3 gnoll sergeants
  2 scorpions
  4 wights (D:7)
  3 killer bees (D:8)
  9 howler monkeys
  An electric eel (Lair:3)
  4 jellies
  A hound (D:6)
  32 orc priests
  A gnoll bouda (D:5)
  Terence (D:3)
  3 iguanas
  13 orc wizards
  2 hell rats (Lair:5)
  A hexer (D:8)
  13 gnolls
  5 adders
  13 river rats
  2 shadow imps
  A white imp (D:8)
  2 worms
  A dart slug (D:1)
  75 orcs
  3 ball pythons (D:2)
  7 endoplasms
  3 giant cockroaches
  3 goblins
  5 hobgoblins
  7 jackals
  3 quokkas
  10 bats
  2 frilled lizards
  8 kobolds
  7 rats
684 creatures vanquished.

Vanquished Creatures (collateral kills)
  Agnes (D:15)
  A boulder beetle (D:13)
  3 hydras
  A two-headed ogre (D:10)
  2 anacondas
  3 naga warriors
  A naga sharpshooter (Snake:2)
  An orc high priest (Orc:2)
  A shock serpent (Snake:2)
  3 salamander mystics
  A wolf spider zombie (D:15)
  2 mana vipers (Snake:1)
  A deep elf pyromancer (D:14)
  2 ugly things (D:15)
  An orc knight (Orc:2)
  7 salamanders
  A slime creature (D:13)
  A manticore (D:12)
  9 black mambas
  A guardian serpent (Snake:4)
  4 elephants
  3 naga magi
  An orange demon (D:8)
  An unseen horror (D:11)
  4 cane toads
  2 trolls
  10 blink frogs
  3 water elementals (D:15)
  A basilisk (Lair:1)
  4 yaks
  A vampire mosquito (Lair:5)
  A warg (Orc:2)
  10 nagas
  4 orc warriors
  A wolf (Lair:3)
  A boggart (D:14)
  The ghost of Ofeo the Digger, an amateur MeEE (D:7)
  A kobold brigand (D:8)
  2 bullfrogs
  A scorpion (D:7)
  A howler monkey (D:9)
  A lava snake (Snake:1)
  2 jellies
  7 orc priests
  8 orc wizards
  3 gnolls
  An ufetubus (D:4)
  A worm (D:5)
  18 orcs
  3 kobolds (D:12)
  A quokka (D:8)
145 creatures vanquished.

Vanquished Creatures (others)
  A wizard (D:3)
  An elephant (Lair:3)
  A meliai simulacrum (D:14)
  A boggart (D:14)
  An orc wizard (D:11)
  21 hexers
  4 ancestors
  An orc (D:8)
  45 fungi
  99 plants
175 creatures vanquished.

Grand Total: 1004 creatures vanquished

Notes
Turn   | Place    | Note
-------+----------+-------------------------------------------
     0 | D:1      | Zonian the Demonspawn Gladiator began the quest for the
                  | Orb.
     0 | D:1      | Reached XP level 1. HP: 16/16 MP: 1/1
   681 | D:1      | Gained mutation: Your movements are slightly less
                  | encumbered by armour. (ER -2) [demonic ancestry]
   681 | D:1      | Reached XP level 2. HP: 22/22 MP: 2/2
   784 | D:1      | Found a faded altar of an unknown god.
  1959 | D:2      | Reached XP level 3. HP: 28/28 MP: 3/3
  2318 | D:2      | Noticed Sigmund
  2329 | D:2      | Killed Sigmund
  2330 | D:2      | Reached skill level 3 in Fighting
  2330 | D:2      | Gained mutation: Your movements are less encumbered by
                  | armour. (ER -4) [demonic ancestry]
  2330 | D:2      | Reached XP level 4. HP: 27/35 MP: 4/4
  2330 | D:2      | Reached XP level 5. HP: 32/41 MP: 5/5
  2962 | D:3      | Identified the +4 dagger "Meqic" {drain, *Slow +Blink Will+
                  | Int+2}
  2993 | D:3      | Found a bloodstained altar of Trog.
  3005 | D:3      | Noticed a wizard
  3008 | D:3      | Killed a wizard
  3404 | D:3      | Noticed Terence
  3421 | D:3      | Killed Terence
  3422 | D:3      | Reached XP level 6. HP: 26/42 MP: 6/6
  4179 | D:4      | Found a hazy altar of Hepliaklqana.
  4184 | D:4      | Became a worshipper of Hepliaklqana the Forgotten
  5301 | D:4      | Found a hide-covered altar of Uskayaw.
  5335 | D:4      | Identified the ring of Spontaneous Combustion {rElec rPois
                  | Will+ Dex+2}
  5411 | D:4      | Reached * piety under Hepliaklqana
  5479 | D:4      | Reached skill level 4 in Fighting
  6182 | D:5      | Entered Level 5 of the Dungeon
  6854 | D:5      | Gained mutation: Your touch may inflict minor irresistible
                  | damage on your foes. [demonic ancestry]
  6854 | D:5      | Reached XP level 7. HP: 47/48 MP: 7/7
  7536 | D:5      | Found a basalt altar of Yredelemnul.
  8937 | D:6      | Found a broken altar of Ashenzari.
  8973 | D:6      | Reached skill level 5 in Dodging
  8994 | D:6      | Reached skill level 5 in Short Blades
  8999 | D:6      | Reached skill level 5 in Fighting
  9355 | D:5      | Gained mutation: You regenerate a little health from kills.
                  | [demonic ancestry]
  9355 | D:5      | Reached XP level 8. HP: 19/55 MP: 8/8
 10283 | D:6      | HP: 1/57 [orc warrior/+0 war axe (11)]
 10911 | D:7      | Found Yreikliu's Distillery.
 10920 | D:7      | Found an opulent altar of Gozag.
 10963 | D:7      | Reached ** piety under Hepliaklqana
 10964 | D:7      | Remembered your ancestor FigBar as a hexer
 10996 | D:7      | Found an ancient bone altar of Kikubaaqudgha.
 11004 | D:7      | Bought a potion of invisibility for 104 gold pieces
 11004 | D:7      | Bought a potion of heal wounds for 65 gold pieces
 11004 | D:7      | Bought a potion of curing for 39 gold pieces
 11004 | D:7      | Bought a potion of curing for 39 gold pieces
 11010 | D:7      | Found a burning altar of Makhleb.
 11011 | D:7      | Found an ornate altar of the Wu Jian Council.
 11023 | D:7      | Found Olu Begg's Jewellery Shop.
 11052 | D:7      | Reached skill level 6 in Fighting
 11192 | D:7      | Noticed Pikel
 11205 | D:7      | Killed Pikel
 11206 | D:7      | Gained mutation: You sometimes gain a little power by
                  | taking damage. [demonic ancestry]
 11206 | D:7      | Reached XP level 9. HP: 52/63 MP: 9/9
 11281 | D:7      | Found Vuzeyhom's Armour Shoppe.
 11308 | D:7      | Found a shimmering blue altar of Sif Muna.
 11382 | D:7      | Found Suvyas's Assorted Antiques.
 11385 | D:7      | Bought a fuming sapphire potion for 27 gold pieces
 11447 | D:7      | Found a runed translucent door.
 11447 | D:7      | Noticed a troll
 11447 | D:7      | Noticed Menkaure
 11456 | D:7      | Noticed Ofeo's ghost (amateur MeEE)
 11457 | D:7      | Killed Menkaure
 11458 | D:7      | Reached skill level 7 in Fighting
 11679 | D:7      | Found a staircase to the Ecumenical Temple.
 12025 | D:8      | Noticed Maggie
 12048 | D:8      | Killed Maggie
 12218 | D:8      | Noticed a death yak
 12220 | D:8      | Found a staircase to the Lair.
 12220 | D:8      | Noticed a death yak
 12220 | D:8      | Noticed a death yak
 12495 | D:8      | Found a runed translucent door.
 12499 | D:8      | Noticed Splishie's ghost (novice KoEn)
 12586 | D:8      | Reached skill level 1 in Evocations
 12687 | D:8      | Noticed an orange demon
 12687 | D:8      | Noticed Amaemon
 12691 | D:8      | Killed an orange demon
 12692 | D:8      | Reached *** piety under Hepliaklqana
 12702 | D:8      | Killed Amaemon
 12703 | D:8      | Reached skill level 8 in Fighting
 12911 | D:8      | Noticed a brown ugly thing
 12927 | D:8      | Killed a brown ugly thing
 12928 | D:8      | Gained mutation: You regenerate health from kills. [demonic
                  | ancestry]
 12928 | D:8      | Reached XP level 10. HP: 61/72 MP: 10/10
 13110 | Lair:1   | Entered Level 1 of the Lair of Beasts
 13121 | Lair:1   | Noticed a four-headed hydra
 13140 | Lair:1   | Killed a four-headed hydra
 13292 | Lair:1   | Noticed a seven-headed hydra
 13297 | Lair:1   | Killed a seven-headed hydra
 13304 | Lair:1   | Noticed a cane toad
 13309 | Lair:1   | Killed a cane toad
 13310 | Lair:1   | Reached skill level 9 in Fighting
 13354 | Lair:1   | Noticed a cane toad
 13362 | Lair:1   | Killed a cane toad
 13363 | Lair:1   | Reached skill level 5 in Evocations
 13752 | D:7      | Bought a +0 pair of gloves of dexterity for 184 gold pieces
 13945 | D:8      | Killed a death yak
 14538 | Lair:1   | Gained mutation: You sometimes gain power by taking damage.
                  | [demonic ancestry]
 14538 | Lair:1   | Reached XP level 11. HP: 76/80 MP: 11/11
 14568 | Lair:1   | Noticed an eight-headed hydra
 14598 | Lair:1   | Reached **** piety under Hepliaklqana
 14625 | Lair:1   | Noticed Erica
 14649 | Lair:1   | Killed Erica
 14816 | Lair:1   | Killed a six-headed hydra
 15451 | Lair:2   | Reached skill level 10 in Fighting
 15789 | Lair:2   | Reached skill level 1 in Invocations
 16248 | Lair:3   | Noticed an eight-headed hydra
 16255 | Lair:3   | Killed an eight-headed hydra
 16318 | Lair:3   | Noticed Nessos
 16458 | Lair:3   | Noticed an oklob plant
 16675 | Lair:3   | Reached XP level 12. HP: 52/88 MP: 14/14
 16779 | Lair:3   | Reached skill level 10 in Dodging
 16785 | Lair:3   | Reached skill level 10 in Short Blades
 16828 | Lair:3   | Reached skill level 5 in Invocations
 16846 | Lair:3   | Noticed Sonja
 16916 | Lair:3   | Reached skill level 11 in Fighting
 16994 | Lair:3   | Found a staircase to the Snake Pit.
 17050 | Lair:3   | Killed Sonja
 17252 | Lair:3   | Killed Nessos
 18067 | Lair:4   | Noticed a seven-headed hydra
 18356 | Lair:4   | Reached ***** piety under Hepliaklqana
 18404 | Lair:4   | Reached XP level 13. HP: 92/95 MP: 18/18
 19084 | Lair:4   | Reached skill level 12 in Fighting
 19183 | Lair:5   | Entered Level 5 of the Lair of Beasts
 19841 | Lair:5   | Reached skill level 10 in Evocations
 19925 | Lair:5   | Reached skill level 10 in Invocations
 20448 | Lair:5   | Gained mutation: Your presence sometimes corrodes those you
                  | injure. [demonic ancestry]
 20448 | Lair:5   | Reached XP level 14. HP: 98/104 MP: 22/22
 20487 | Lair:5   | Found a viscous altar of Jiyva.
 20488 | Lair:5   | Found a staircase to the Slime Pits.
 20998 | D:8      | Found the +18 Lear's hauberk
 21401 | D:9      | Reached skill level 13 in Fighting
 21621 | D:9      | Found a sparkling altar of Nemelex Xobeh.
 21681 | D:9      | Noticed Joseph
 21695 | D:9      | Reached skill level 1 in Armour
 21704 | D:9      | Killed Joseph
 21807 | D:9      | Noticed Grum
 21818 | D:9      | Killed Grum
 21986 | D:9      | Found a shimmering altar of Xom.
 22210 | D:10     | Entered Level 10 of the Dungeon
 22337 | D:10     | Found a staircase to the Orcish Mines.
 22910 | D:11     | Noticed Nergalle
 22928 | D:11     | Killed Nergalle
 23204 | D:11     | Reached ****** piety under Hepliaklqana
 23597 | D:11     | Found a portal to a secret trove of treasure.
 23629 | D:11     | Noticed Maurice
 23646 | D:11     | Killed Maurice
 23932 | D:12     | Identified the +6 trident of Fixation {vamp, Will+}
 24074 | D:7      | Bought a potion of curing for 90 gold pieces
 24074 | D:7      | Bought a scroll of blinking for 225 gold pieces
 24334 | D:7      | Killed Ofeo's ghost
 24624 | D:12     | Identified the +3 quarterstaff of Starshine {drain, Dex+8}
 24671 | D:12     | Reached skill level 1 in Stealth
 24747 | D:12     | Noticed Fannar
 24750 | D:12     | Killed Fannar
 24925 | D:12     | Identified the +0 robe of Mumblety Peg {rF+ Regen+ Int+4}
 25128 | D:13     | Found Qaggimn's Distillery.
 25136 | D:13     | Bought a potion of resistance for 140 gold pieces
 25136 | D:13     | Bought a potion of haste for 140 gold pieces
 25147 | D:13     | Learned a level 2 spell: Wereblood
 25325 | D:13     | Reached skill level 1 in Spellcasting
 25325 | D:13     | Reached skill level 1 in Transmutations
 26676 | D:14     | Gained mutation: Your touch may inflict irresistible damage
                  | on your foes. [demonic ancestry]
 26676 | D:14     | Reached XP level 15. HP: 89/112 MP: 24/24
 26903 | D:14     | Found a gate to the Vaults.
 27085 | D:14     | Reached skill level 14 in Fighting
 27260 | D:15     | Entered Level 15 of the Dungeon
 27422 | D:15     | Noticed Agnes
 27610 | D:15     | Reached skill level 1 in Shields
 27870 | D:15     | Reached skill level 5 in Stealth
 27934 | D:15     | Killed Agnes
 28147 | D:15     | Found a staircase to the Depths.
 28821 | Orc:1    | Entered Level 1 of the Orcish Mines
 28842 | Orc:1    | Found a dark tunnel.
 28988 | Orc:1    | Found an ornate altar of the Wu Jian Council.
 29132 | Orc:1    | Found a transporter.
 29145 | Orc:1    | Found a transporter.
 29152 | Orc:1    | Found a transporter.
 29172 | Orc:1    | Found a transporter.
 29173 | Orc:1    | Found an ornate altar of the Wu Jian Council.
 29173 | Orc:1    | Noticed an orc warlord
 29397 | Orc:1    | Killed an orc warlord
 29561 | Orc:2    | Entered Level 2 of the Orcish Mines
 30007 | Orc:2    | Found a burning altar of Makhleb.
 30031 | Orc:2    | Found a staircase to the Elven Halls.
 30069 | Orc:2    | Reached skill level 5 in Spellcasting
 30134 | Orc:2    | Reached skill level 5 in Transmutations
 30343 | Orc:2    | Found Igutirue's Book Shop.
 30375 | Orc:2    | Found Otaod's Magic Scroll Shoppe.
 30405 | Orc:2    | Bought a scroll of poison for 56 gold pieces
 30405 | Orc:2    | Bought a scroll of fear for 56 gold pieces
 30405 | Orc:2    | Bought a scroll of teleportation for 42 gold pieces
 30405 | Orc:2    | Bought a scroll of blinking for 105 gold pieces
 30405 | Orc:2    | Bought a scroll of silence for 133 gold pieces
 30665 | Orc:2    | Found Quepp's General Store.
 30665 | Orc:2    | Found Biseleh's General Store.
 30683 | Orc:2    | Bought a scroll of teleportation for 51 gold pieces
 30683 | Orc:2    | Bought 2 potions of haste for 340 gold pieces
 30683 | Orc:2    | Bought a potion of curing for 51 gold pieces
 30692 | Orc:2    | Bought a potion of curing for 42 gold pieces
 31534 | Snake:1  | Entered Level 1 of the Snake Pit
 32324 | D:8      | Killed Splishie's ghost
 32347 | D:8      | Got the Reference Book on Minerals
 32353 | D:8      | Learned a level 1 spell: Necrotise
 32577 | Snake:1  | Gained mutation: Your touch may irresistibly damage your
                  | foes and sap their willpower. [demonic ancestry]
 32577 | Snake:1  | Reached XP level 16. HP: 93/120 MP: 25/25
 32725 | Snake:1  | Reached skill level 15 in Fighting
 33336 | Snake:1  | Reached XP level 17. HP: 84/127 MP: 26/26
 33965 | Snake:1  | Noticed Asterion
 33988 | Snake:1  | Killed Asterion
 33989 | Snake:1  | Reached skill level 5 in Necromancy
 34639 | Snake:2  | Reached skill level 1 in Polearms
 34825 | Snake:2  | Found a frozen archway.
 34991 | Snake:2  | Found a flickering gateway to a bazaar.
 35247 | Snake:2  | Found Qeuduhamn's Book Shop.
 35353 | Bazaar   | Entered a bazaar
 35355 | Bazaar   | Found Ehallobbe's Weapon Boutique.
 35359 | Bazaar   | Found Opun's Jewellery Boutique.
 35359 | Bazaar   | Found Zurghiru's Antique Weapon Boutique.
 35359 | Bazaar   | Found Kamnouce's Assorted Antiques.
 35388 | Bazaar   | Bought the amulet "Jeluwoyfa" {Spirit rPois rF+} for 578
                  | gold pieces
 35424 | Bazaar   | Bought the +5 long sword "Orb Guardian's Curse" {pain,
                  | Dex+4} for 540 gold pieces
 35554 | Snake:2  | Found Rilimos's Vocational Training.
 35714 | Snake:2  | Reached skill level 5 in Shields
 35833 | Snake:2  | Reached skill level 1 in Long Blades
 37272 | Snake:3  | Reached skill level 16 in Fighting
 37779 | Snake:4  | Entered Level 4 of the Snake Pit
 38398 | Snake:4  | Mangled by a naga warrior

Illustrated notes

Levels and vault maps discovered:
D:1:      dpeg_arrival_signposts, layout_loops_ring,
          shapermc_ecumenical_altar_pompeii, glass_columns_b
D:2:      layout_basic, uniq_sigmund
D:3:      layout_basic, trog_wizard, uniq_terence
D:4:      layout_layer_cave, worldfamousw_hep_ancestral_shrine,
          overflow_temple_1_default, nicolae_figureground_pulse
D:5:      layout_loops_ring, general_overflow_altar
D:6:      layout_rooms, cheibrodos_ashenzari_chains
D:7:      layout_basic, chequers_temple_overflow_statue_of_worship,
          nicolae_overflow_hidden_temple, led_sif_book,
          minmay_temple_entry_enclosed_plants, ebering_ghost_inner_flame,
          serial_shops, nicolae_shop_crystal, nicolae_shop_waterfront,
          nicolae_square_shop, nicolae_shop_behind_doors, lemuel_another_geyser,
          uniq_pikel, uniq_menkaure
D:8:      layout_gridville, dpeg_lair_monsters, hellmonk_ghost_big_iron,
          hellmonk_guarded_unrand_lears, uniq_amaemon, uniq_maggie
D:9:      layout_loops_ring, mainiacjoe_overflow_alcove_4, tgw_xom, uniq_joseph,
          uniq_grum
D:10:     layout_basic, orc_0_dummy
D:11:     layout_stronghold, nicolae_trove_entry_free_sample, uniq_maurice,
          uniq_nergalle
D:12:     layout_roguey, minmay_misc_feat_ornament, minivault_4, uniq_fannar
D:13:     layout_basic, serial_shops, shop
D:14:     layout_basic, david_vaults_1, nrook_mini_vaults, minmay_pinched_square
D:15:     grunt_enter_depths_magical_seal, layout_basic,
          nicolae_underground_beach, uniq_agnes
Lair:1:   layout_regular_city, uniq_erica
Lair:2:   layout_layer_cave, minivault_11
Lair:3:   layout_roguey, minmay_shoals_entry_hut, dummy_snake_entry,
          uniq_nessos, uniq_sonja
Lair:4:   layout_regular_city, nicolae_lair_grove_arrangements,
          nzn_sisyphean_effort
Lair:5:   minmay_lair_end_frog_pond, layout_loops_ring, dpeg_slime_entry_corner,
          kennysheep_rathole
Snake:1:  layout_onion, nicolae_snake_salamander_fort, uniq_asterion
Snake:2:  layout_gridlike, serial_shops, bzr_entry_road, nicolae_shop_stone,
          portal_ice_cave_entry_pillars_1, nicolae_shop_vocational
Snake:3:  layout_onion, grunt_megastairs_2
Snake:4:  grunt_snake_rune_serpentine_throne, layout_misc_corridors,
          serial_shops, shop, grunt_megastairs_5
Orc:1:    dreamdust_wu_jian_sword_trials, layout_diamond_mine, enter_volcano_2
Orc:2:    st_orc_town, layout_caves, bloody_makhleb

Skill      XL: |  1  2  3  4  5  6  7  8  9 10 11 12 13 14 15 16 17 |
---------------+----------------------------------------------------+-----
Throwing       | 2 3 4 |  4.0
Short Blades   | 3 4 5 6 7 8 9 10 | 10.0
Dodging        | 3 4 5 6 7 8 9 10 12 | 12.5
Fighting       | 3 4 5 6 8 9 10 11 12 13 14 15 16 | 16.2
Evocations     | 3 5 7 9 10 11 | 11.1
Invocations    | 3 7 10 12 | 12.0
Armour         | 3 |  3.0
Stealth        | 3 7 8 |  8.2
Spellcasting   | 3 5 |  5.3
Transmutations | 3 5 |  5.2
Shields        | 3 4 6 |  6.3
Necromancy     | 3 4 8 |  8.0
Polearms       | 2 |  2.6
Long Blades    | 3 |  3.6

Action                   |  1- 3 |  4- 6 |  7- 9 | 10-12 | 13-15 | 16-18 || total
-------------------------+-------+-------+-------+-------+-------+-------++-------
Melee: Rapier            |   127 |   115 |   222 |       |     2 |       ||   466
       Punch             |       |     1 |     6 |     6 |    16 |       ||    29
       Touch             |       |       |    63 |   121 |   286 |       ||   470
       Dagger            |       |       |    48 |   477 |  1767 |   527 ||  2819
       Scimitar          |       |       |       |     2 |    17 |    46 ||    65
       Long sword        |       |       |       |       |       |    18 ||    18
       Demon trident     |       |       |       |       |       |     1 ||     1
 Fire: Sling             |       |       |     6 |       |       |       ||     6
Throw: Throwing net      |     2 |     3 |     2 |       |     2 |       ||     9
       Boomerang         |       |     4 |     3 |     6 |     2 |     3 ||    18
       Dart              |       |       |     7 |    26 |    35 |     7 ||    75
       Javelin           |       |       |       |     2 |       |     4 ||     6
 Cast: Wereblood         |       |       |       |       |    16 |    18 ||    34
Invok: Recall Ancestor   |       |       |     1 |     1 |     2 |     1 ||     5
       Ancestor Life: He |       |       |     1 |       |       |       ||     1
       Ancestor Identity |       |       |       |     1 |       |       ||     1
       Idealise          |       |       |       |       |     5 |     8 ||    13
 Abil: Evoke Blink       |       |       |       |       |       |     3 ||     3
Evoke: Wand              |       |       |     6 |     5 |     7 |     3 ||    21
       Condenser vane    |       |       |       |       |     1 |     2 ||     3
  Use: Potion            |     1 |       |     3 |     4 |     5 |     3 ||    16
       Scroll            |       |    13 |    10 |     8 |     9 |     8 ||    48
 Stab: Sleeping          |     2 |       |       |     1 |     8 |     7 ||    18
       Held in net/web   |     1 |     2 |       |       |     1 |       ||     4
       Confused          |       |       |    10 |    13 |    42 |     5 ||    70
       Distracted        |       |       |     1 |    10 |    27 |    10 ||    48
       Invisible         |       |       |     1 |       |       |       ||     1
       Paralysed         |       |       |       |       |    33 |    36 ||    69
Armor: Leather armour    |    63 |    16 |       |       |       |       ||    79
       Scale mail        |       |    16 |    99 |     2 |       |       ||   117
       Skin              |       |       |       |     4 |       |       ||     4
       Ring mail         |       |       |       |    68 |   124 |       ||   192
       Robe              |       |       |       |       |   105 |    46 ||   151
Dodge: Dodged            |   123 |    59 |   147 |   299 |  1242 |   371 ||  2241
       Repelled          |       |       |       |     2 |    10 |    21 ||    33
Block: Buckler           |       |       |       |       |   122 |    49 ||   171
       Kite shield       |       |       |       |       |       |   276 ||   276
       Reflection        |       |       |       |       |       |    35 ||    35
